 Dungeon Crawl Stone Soup version 0.31.0-32-g396128a36d (webtiles) character file.

Game seed: 4702843310726957156

10318 rikstar the Severer (level 11, -6/104 HPs)
             Began as a Minotaur Berserker on Mar 30, 2024.
             Was an Elder of Trog.
             Killed from afar by a manticore (illusionary) (11 damage)
             ... with a volley of spikes
             ... on level 9 of the Dungeon on Mar 31, 2024.
             The game lasted 00:35:16 (10137 turns).

rikstar the Severer (Minotaur Berserker)           Turns: 10137, Time: 00:35:17

Health: -6/104     AC: 17    Str: 26    XL:     11   Next: 34%
Magic:  10/10      EV:  7    Int:  4    God:    Trog [****..]
Gold:   633        SH:  8    Dex: 10    Spells: 10/10 levels left

rFire   . . .        D - +2 broad axe (flame)
rCold   + . .        A - +0 buckler {reflect}
rNeg    . . .        z - +3 plate armour
rPois   .            (helmet restricted)
rElec   .            h - +0 cloak
rCorr   .            (no gloves)
SInv    .            y - +0 pair of boots
Will    +....        s - amulet of reflection Stlth
                     r - ring of willpower
HPRegen 0.37/turn    B - ring of protection from cold
MPRegen 0.12/turn

%: reflection
@: spiked, on berserk cooldown, slowed, very slow
A: horns 2, retaliatory headbutt
a: Renounce Religion, Berserk, Trog's Hand, Brothers in Arms


You were on level 9 of the Dungeon.
You worshipped Trog.
Trog was greatly pleased with you.
You visited 2 branches of the dungeon, and saw 11 of its levels.

You collected 633 gold pieces.

Inventory:

Hand Weapons
 d - a +0 executioner's axe of flaming
 D - a +2 broad axe of flaming (weapon)
Missiles
 b - 8 boomerangs
 g - 4 curare-tipped darts (quivered)
 k - 4 javelins
 l - 44 poisoned darts
Armour
 h - a +0 cloak (worn)
 y - a +0 pair of boots (worn)
 z - a +3 plate armour (worn)
 A - a +0 buckler of reflection (worn)
Jewellery
 r - a ring of willpower (left hand)
 s - an amulet of reflection (around neck)
 u - a ring of protection from fire
 B - a ring of protection from cold (right hand)
Wands
 m - a wand of digging (4)
 w - a wand of roots (7)
 x - a wand of polymorph (4)
Scrolls
 c - 3 scrolls of noise
 e - 4 scrolls of enchant weapon
 j - 4 scrolls of fog
 o - a scroll of blinking
 p - a scroll of revelation
 q - a scroll of butterflies
 C - a scroll of enchant armour
 E - a scroll of poison {unknown}
Potions
 a - a potion of haste {unknown}
 f - a potion of ambrosia {unknown}
 i - 2 potions of curing
 n - a potion of attraction
 t - 3 potions of lignification
 v - a potion of enlightenment
 F - a potion of heal wounds {unknown}


   Skills:
 - Level 12.0 Fighting
 + Level 17.7 Axes
 - Level 4.1 Armour
 - Level 2.1 Dodging


You had 10 spell levels left.
You didn't know any spells.
Your spell library was empty.

Dungeon Overview and Level Annotations

Branches:
Dungeon (10/15)            Temple (1/1) D:7            Lair (0/5) D:8
    Orc: D:9-12

Altars:
Dithmenos
Elyvilon
Fedhas
Hepliaklqana
Kikubaaqudgha
Nemelex Xobeh
Okawaru
Qazlal
Ru
Sif Muna
Trog
Uskayaw
Vehumet
Wu Jian
Xom
Yredelemnul

Shops:
D:3 *   D:7 ===


Innate Abilities, Weirdness & Mutations

You have a pair of horns on your head.
You reflexively headbutt those who attack you in melee.


Message History

You slice the white ugly thing!! You burn the white ugly thing.
The rakshasa gestures at you. The lance of force hits you!!
You are knocked back by the lance of force.
The rakshasa blinks!
You feel a strong urge to attack something.
You are no longer berserk.
You are exhausted.
You feel yourself slow down. The white ugly thing kicks you.
The white ugly thing freezes you! You resist.
You closely miss the white ugly thing.
The white ugly thing is moderately wounded.
The rakshasa hits you from afar with a +0 trident.
The white ugly thing barely misses you.
You slice the white ugly thing!! You burn the white ugly thing!
Your headbutt misses the white ugly thing.
The white ugly thing is almost dead.
You block the rakshasa's attack. The white ugly thing kicks you.
The white ugly thing freezes you. You resist.
You slice the white ugly thing!! You burn the white ugly thing.
You kill the white ugly thing!
Trog accepts your kill. You block the rakshasa's attack.
You barely miss the manticore.
The manticore bites you but does no damage.
The manticore claws you!
* * * LOW HITPOINT WARNING * * *
The manticore claws you but does no damage.
The rakshasa weaves an illusion.
The manticore shimmers and seems to become two!
The manticore flicks its tail.
The volley of spikes skewers you!
The barbed spikes become lodged in your body.
* * * LOW HITPOINT WARNING * * *
The rakshasa hits you with a +0 trident.
* * * LOW HITPOINT WARNING * * *
The manticore flicks its tail.
The volley of spikes skewers you!
The barbed spikes become lodged in your body.
You die...

,,,,,,,***,*,,*,*,,*,.#,#...#.#..
,,****,,,,,,,,*##,,##.###..##.##.
*** *,***,*,,,,..,⌠.........#.).
##****,***,*,,***.##..###..##.##.
.#,,,,..,,,*,,*,*,.#.,*,#...#.#..
.#***..#**,*,,**,*#.#*,*##.......
.####..###.*,,***,#.#,** ##.....#
...........,,,#####.#########.###
.###.......,,,#R@.HH....#,.##..#.
.###.....#.#..#.###H###.#,#..#.##
.#.....#.#.#..#.# #.# #.###.###..
..............#.###)###.#..#..##.
.#...#.#...#.........)†...##.#..#
.###.......#..#.###.###.##..##.#)
..............#.# #.# #.###.#####
####..........#.#*#.###.#..#..#,.
####.....#.#..#,,,......#.###.##.


You could see a rakshasa and 3 manticores.

Vanquished Creatures
  A centaur warrior (D:9)
  A two-headed ogre (D:9)
  2 ugly things (D:9)
  A gargoyle (D:9)
  Maggie (D:7)
  A kobold demonologist (D:9)
  A komodo dragon (D:8)
  3 hornets
  Prince Ribbit (D:5)
  A shadow (D:9)
  Sigmund (D:2)
  A wraith (D:10)
  4 wyverns
  A vampire (D:8)
  7 yaks
  Menkaure (D:6)
  An acid dragon (D:9)
  2 water moccasins
  3 ice beasts
  3 orc warriors
  A black bear (D:6)
  2 ogres (D:5)
  5 centaurs
  A phantom (D:5)
  4 kobold brigands
  5 bullfrogs
  4 gnoll sergeants
  A scorpion (D:6)
  A wight (D:9)
  11 killer bees
  A lava snake (D:7)
  3 hounds (D:6)
  4 orc priests
  Crazy Yiuf (D:2)
  A sleepcap (D:5)
  5 iguanas
  Terence (D:2)
  11 orc wizards
  Robin (D:4)
  13 gnolls
  9 adders
  A shadow imp (D:5)
  2 white imps
  A howler monkey simulacrum (D:9)
  4 ufetubi
  3 dart slugs
  A ribbon worm (D:3)
  26 orcs
  3 ball pythons
  10 endoplasms
  4 giant cockroaches
  12 goblins
  9 hobgoblins
  8 jackals
  4 quokkas
  3 bats (D:1)
  9 frilled lizards
  18 kobolds
  9 rats
249 creatures vanquished.

Vanquished Creatures (others)
  An orc (D:3)
1 creature vanquished.

Grand Total: 250 creatures vanquished

Notes
Turn   | Place    | Note
-------+----------+-------------------------------------------
     0 | D:1      | rikstar the Minotaur Berserker began the quest for the Orb.
     0 | D:1      | Reached XP level 1. HP: 19/19 MP: 0/0
   114 | D:1      | Reached skill level 4 in Axes
   153 | D:1      | Reached XP level 2. HP: 22/26 MP: 1/1
   190 | D:1      | Found a faded altar of an unknown god.
   443 | D:1      | Reached skill level 5 in Axes
   510 | D:1      | Reached XP level 3. HP: 31/31 MP: 2/2
   515 | D:1      | Reached ** piety under Trog
   871 | D:2      | Noticed Terence
   887 | D:2      | Killed Terence
  1106 | D:2      | Noticed Sigmund
  1113 | D:2      | Killed Sigmund
  1114 | D:2      | Reached skill level 7 in Axes
  1114 | D:2      | Reached XP level 4. HP: 39/39 MP: 3/3
  1114 | D:2      | Reached XP level 5. HP: 45/45 MP: 4/4
  1447 | D:2      | Found a hide-covered altar of Uskayaw.
  1678 | D:2      | Found a runed translucent door.
  1679 | D:2      | Noticed Crazy Yiuf
  1730 | D:2      | Killed Crazy Yiuf
  1731 | D:2      | Reached skill level 8 in Axes
  1780 | D:2      | Identified the +6 hammer of Midnight {holy, rPois Str-3
                  | Int+2 SInv}
  2085 | D:3      | Found Quutsar's Assorted Antiques.
  2428 | D:3      | Found a shadowy altar of Dithmenos.
  2449 | D:3      | Reached XP level 6. HP: 50/50 MP: 5/5
  2541 | D:3      | Found a shimmering altar of Xom.
  2587 | D:3      | Identified the +1 ring mail "Peuzuo" {Str+4}
  2809 | D:4      | Noticed Robin
  2954 | D:4      | Killed Robin
  2954 | D:4      | Reached *** piety under Trog
  3414 | D:4      | Reached skill level 9 in Axes
  3963 | D:5      | Entered Level 5 of the Dungeon
  4053 | D:5      | Noticed Prince Ribbit
  4178 | D:5      | Reached XP level 7. HP: 57/57 MP: 6/6
  4405 | D:5      | Killed Prince Ribbit
  4406 | D:5      | Reached skill level 10 in Axes
  4735 | D:5      | Reached skill level 11 in Axes
  4866 | D:5      | Reached XP level 8. HP: 52/64 MP: 7/7
  5007 | D:5      | Reached skill level 12 in Axes
  5452 | D:6      | Reached skill level 13 in Axes
  5945 | D:6      | Reached **** piety under Trog
  6109 | D:6      | Noticed Menkaure
  6122 | D:6      | Reached skill level 14 in Axes
  6126 | D:6      | Killed Menkaure
  6127 | D:6      | Reached XP level 9. HP: 72/72 MP: 8/8
  6483 | D:7      | Reached skill level 5 in Fighting
  6588 | D:7      | Noticed a rust devil
  6588 | D:7      | Noticed a rust devil
  6900 | D:7      | You fall into a shaft and drop 3 floors!
  6900 | D:10     | Entered Level 10 of the Dungeon
  7060 | D:7      | Paralysed by a hornet for 2 turns
  7275 | D:7      | Found Dusiu's Jewellery Emporium.
  7284 | D:7      | Found a staircase to the Ecumenical Temple.
  7340 | Temple   | Entered the Ecumenical Temple
  7389 | D:7      | Found Cafada's Jewellery Boutique.
  7432 | D:7      | Noticed Maggie
  7448 | D:7      | Killed Maggie
  7449 | D:7      | Reached skill level 10 in Fighting
  7586 | D:7      | Found Hytew's Jewellery Shop.
  8110 | D:8      | Reached XP level 10. HP: 95/95 MP: 9/9
  8302 | D:8      | Found an ornate altar of the Wu Jian Council.
  9025 | D:8      | Found a staircase to the Lair.
  9079 | D:8      | Found a faded altar of an unknown god.
  9081 | D:8      | Found a hazy altar of Hepliaklqana.
  9088 | D:8      | Identified a scroll of acquirement
  9090 | D:8      | Acquired a +0 executioner's axe of flaming
  9164 | D:9      | Reached skill level 15 in Axes
  9216 | D:9      | Paralysed by a hornet for 3 turns
  9299 | D:9      | Noticed a two-headed ogre
  9303 | D:9      | Killed a two-headed ogre
  9353 | D:9      | Reached skill level 16 in Axes
  9357 | D:9      | Noticed a centaur warrior
  9369 | D:9      | Killed a centaur warrior
  9374 | D:9      | Reached XP level 11. HP: 65/104 MP: 10/10
  9937 | D:9      | Reached skill level 17 in Axes
 10001 | D:9      | Reached ***** piety under Trog
 10108 | D:9      | Noticed a rakshasa
 10108 | D:9      | Noticed a green ugly thing
 10119 | D:9      | Killed a green ugly thing
 10120 | D:9      | Noticed a white ugly thing
 10135 | D:9      | Killed a white ugly thing
 10137 | D:9      | HP: 5/104 [rakshasa/+0 trident (3)]
 10137 | D:9      | Killed from afar by a manticore (illusionary)

Illustrated notes

Levels and vault maps discovered:
D:1:      enne_arrival_octagon_isle, layout_basic,
          chequers_ecumenical_altar_grove
D:2:      layout_loops_corners, basic_altar, chequers_serial_rivers_large_a,
          uniq_sigmund, uniq_terence, uniq_crazy_yiuf_cottage
D:3:      layout_rooms, grunt_dithmenos_smoke_and_mirrors, xom_confusion_cloud,
          serial_shops, shop
D:4:      layout_loops_corners, uniq_robin
D:5:      layout_rooms, serial_corexii_hall, chequers_hall_statues_corner_a,
          corexii_hall_statues_i, uniq_prince_ribbit1
D:6:      layout_loops_corners, uniq_menkaure
D:7:      cheibrodos_iron_armory, layout_gridville,
          minmay_temple_entry_glassed_door, serial_shops, nicolae_diamond_shop,
          nicolae_inconvenience_store, kennysheep_mini, minivault_23,
          kennysheep_flooded_box, uniq_maggie
D:8:      layout_basic, beargit_hepliaklqana_dungeon_heroes, lemuel_tele_altar,
          lair_entry_dummy, serial_corexii_hall, chequers_hall_statues_wall_a,
          chequers_hall_statues_y, minmay_lizard_king
D:9:      minmay_the_grid_4x2 [minmay_the_grid_slots, minmay_the_grid_plusring,
          minmay_the_grid_all_tris, minmay_the_grid_mess,
          minmay_the_grid_minigrid_large, minmay_the_grid_dragon_a,
          minmay_the_grid_square_x, minmay_the_grid_prize_trominoes],
          layout_basic, serial_glass, glass_columns_c, glass_columns_b,
          glass_columns_a
D:10:     minmay_stone_box, layout_long_grid,
          nicolae_overflow_hallway_of_the_gods, general_overflow_altar,
          nicolae_uskayaw_suspiria, serial_shops, shop
Temple:   bh_familiar_temple

Skill      XL: |  1  2  3  4  5  6  7  8  9 10 11 |
---------------+----------------------------------+-----
Axes           | 4 5 7 8 9 11 14 16 17 | 17.7
Fighting       | 4 11 12 | 12.0
Armour         | 4 |  4.1
Dodging        | |  2.1

Action                     |  1- 3 |  4- 6 |  7- 9 | 10-12 || total
---------------------------+-------+-------+-------+-------++-------
  Melee: Hand axe          |    63 |   156 |   301 |       ||   520
         Headbutt          |     8 |    21 |    57 |    31 ||   117
         Broad axe         |       |       |     7 |   179 ||   186
 Invoke: Berserk           |     2 |     2 |     5 |     4 ||    13
         Trog's Hand       |       |       |     2 |     2 ||     4
    Use: Scroll            |     2 |     8 |     3 |     4 ||    17
   Stab: Distracted        |       |       |     1 |       ||     1
 Armour: Animal skin       |    32 |       |       |       ||    32
         Ring mail         |     4 |    82 |       |       ||    86
         Leather armour    |     1 |       |       |       ||     1
         Chain mail        |       |    42 |     4 |       ||    46
         Plate armour      |       |       |   162 |   130 ||   292
  Dodge: Dodged            |    29 |    79 |    57 |    33 ||   198
  Block: Buckler           |       |    17 |    88 |    47 ||   152
         Reflection        |       |       |     7 |     6 ||    13
